Map: 아몬의 낫

Players

펜타네스트

  • Race: Zerg Zerg

펜타네스트

  • Race: Terran Terran
  • Spawn Location: 5:00

VOD

Have the link to the VOD?

Description

Time

  • Played on: March 18, 2018, 3:03 a.m.
  • Length: 17:03
Show
View Real Time Build Order
Export as new Build Order

펜타네스트 Zerg 

Build Orders:  

Get SALT Encoding   

  18  0:03  Primal Drone  
  19  0:11  Primal Drone  
  19  0:18  Primal Drone  
  21  0:24  Primal Drone  
  22  0:33  Primal Drone  
  22  0:38  Extractor  
  23  1:01  Primal Warden  
  23  1:06  Primal Drone  
  25  1:13  Extractor  
  25  1:19  Primal Drone  
  26  1:27  Primal Drone  
  27  1:38  Primal Drone  
  28  1:59  Primal Drone  
  29  2:02  Glevig's Den  
  28  2:55  Primal Hive  
  33  3:13  Primal Drone x2  
  35  3:26  Primal Warden, Primal Zergling  
  36  3:33  Murvar's Den  
  36  3:34  Primal Drone  
  36  3:41  Primal Zergling  
  36  3:44  Primal Drone  
  38  3:52  Primal Drone  
  39  4:01  Primal Drone x2  
  41  4:14  Primal Drone  
  41  4:18  Primal Drone  
  43  4:29  Primal Attacks Level 1  
  43  4:37  Primal Drone  
  43  4:38  Primal Drone  
  45  4:42  Primal Drone x2  
  47  4:59  Primal Drone x2  
  49  5:00  Extractor x2  
  49  5:05  Primal Drone  
  50  5:16  Primal Drone  
  51  5:21  Primal Drone  
  51  5:28  Primal Drone  
  53  5:44  Primal Drone x2  
  55  5:57  Primal Drone  
  55  5:58  Primal Drone  
  57  6:05  Primal Warden  
  58  6:10  Primal Drone  
  58  6:11  Primal Drone  
  60  6:32  Primal Warden  
  60  6:34  Primal Drone x2  
  62  6:40  Primal Reconstitution  
  62  6:45  Dakrun's Den  
  62  6:48  Primal Drone x2  
  63  6:53  Primal Warden  
  64  7:00  Primal Drone  
  64  7:01  Primal Drone  
  66  7:17  Primal Drone x2  
  68  7:29  Primal Drone  
  69  7:30  Primal Attacks Level 2  
  69  7:31  Primal Hydralisk x4  
  77  7:49  Primal Hydralisk x3  
  83  7:52  Primal Hydralisk  
  83  7:57  Primal Hydralisk  
  87  8:03  Primal Hydralisk  
  89  8:10  Slicing Glave  
  89  8:14  Primal Hydralisk x3  
  89  8:15  Primal Mutalisk  
  89  8:16  Primal Mutalisk  
  89  8:19  Primal Mutalisk  
  92  8:22  Primal Mutalisk  
  92  8:29  Primal Hydralisk x3  
  97  8:37  Primal Mutalisk  
  96  8:40  Primal Hydralisk  
  96  8:43  Primal Drone  
  99  8:58  Primal Hydralisk x4  
  107  9:01  Primal Mutalisk x3  
  104  9:17  Primal Hydralisk x4  
  112  9:35  Primal Mutalisk  
  112  9:36  Primal Hydralisk  
  111  9:46  Primal Mutalisk  
  110  9:50  Primal Mutalisk  
  110  9:51  Primal Mutalisk  
  105  10:12  Primal Hydralisk x5  
  112  10:26  Primal Hydralisk x3  
  112  10:27  Primal Hydralisk x2  
  119  10:36  Primal Wurm  
  119  10:38  Primal Wurm  
  121  10:46  Primal Hydralisk  
  121  10:47  Primal Hydralisk x3  
  121  10:48  Primal Mutalisk  
  128  10:51  Primal Mutalisk  
  128  10:56  Primal Mutalisk  
  128  10:57  Primal Mutalisk  
  128  10:58  Primal Wurm  
  126  11:03  Primal Hydralisk  
  126  11:09  Primal Mutalisk  
  127  11:13  Primal Hydralisk  
  129  11:26  Primal Wurm, Primal Mutalisk x2  
  129  11:27  Primal Mutalisk  
  127  11:42  Primal Mutalisk  
  127  11:43  Primal Wurm  
  127  11:45  Primal Warden, Primal Wurm  
  127  11:46  Primal Warden  
  127  11:49  Primal Warden  
  128  12:08  Primal Hydralisk x3  
  128  12:09  Primal Hydralisk x3  
  140  12:24  Primal Drone x5  
  145  12:31  Primal Drone  
  145  12:32  Primal Drone x2  
  148  13:01  Primal Hydralisk x2  
  152  13:10  Primal Hydralisk  
  152  13:11  Primal Mutalisk, Primal Hydralisk x4  
  152  13:12  Primal Mutalisk  
  157  14:03  Primal Hydralisk x2  
  157  14:04  Primal Hydralisk x6  
  157  14:05  Primal Hydralisk  
  175  14:12  Primal Mutalisk x2  
  175  14:13  Primal Mutalisk  
  175  14:14  Primal Hydralisk, Primal Mutalisk  
  175  14:19  Primal Wurm  
  175  14:20  Primal Wurm  
  175  14:41  Primal Mutalisk x4  
  166  14:51  Primal Hydralisk x3  
  166  14:52  Primal Hydralisk  
  172  15:24  Primal Hydralisk x3  
  172  15:25  Primal Hydralisk x2  
  185  15:31  Primal Wurm  
  185  15:32  Primal Wurm  
  185  15:33  Primal Mutalisk x2  
  185  15:38  Primal Wurm  
  183  15:54  Primal Wurm  
  183  15:55  Primal Wurm  
  183  15:58  Primal Mutalisk x2  
Show
View Real Time Build Order
Export as new Build Order

펜타네스트 Terran 

Build Orders:  

Get SALT Encoding   

Tags
 
Commander
DehakaRaynor
Matchup
Co-op
Replay Pack
Co-op Speedrun
Add a new tag
Caveats
  • Supply blocks, unpowered buildings, or Contaminate may cause inaccurate times.
  • Supply counts are checked every 10 seconds.